 Dungeon Crawl Stone Soup version 0.31-a0-217-g58bb5d79cf (webtiles) character file.

Game seed: 18272607295820319282

2361 qw the Skirmisher (level 9, -5/79 HPs)
             Began as a Minotaur Hexslinger on July 2, 2023.
             Was a Follower of Okawaru.
             Slain by a gnoll sergeant
             ... wielding a +0 trident
              (7 damage)
             ... on level 7 of the Dungeon.
             The game lasted 00:01:57 (4796 turns).

qw the Skirmisher (Minotaur Hexslinger)             Turns: 4796, Time: 00:01:57

Health: -5/79      AC:  8    Str: 14    XL:     9   Next: 21%
Magic:  11/11      EV: 21    Int: 10    God:    Okawaru [*.....]
Gold:   1010       SH:  0    Dex: 16    Spells: 9/10 levels left

rFire   + . .        Y - +3 longbow (drain)
rCold   + . .        (shield currently unavailable)
rNeg    . . .        n - +3 leather armour {rF+}
rPois   .            (helmet restricted)
rElec   .            (no cloak)
rCorr   .            (no gloves)
SInv    .            d - +0 pair of boots
Will    .....        (no amulet)
Stlth   +++          i - +5 ring of evasion
HPRegen 0.33/turn    a - ring of protection from cold
MPRegen 0.12/turn

%: no passive effects
@: heroic
A: horns 2, retaliatory headbutt
a: Renounce Religion, Heroism


You were on level 7 of the Dungeon.
You worshipped Okawaru.
Okawaru was aware of your devotion.
You visited 1 branch of the dungeon, and saw 7 of its levels.

You collected 1010 gold pieces.


Innate Abilities, Weirdness & Mutations

You have a pair of horns on your head.
You reflexively headbutt those who attack you in melee.


   Skills:
 - Level 7.0(12.0) Fighting
 + Level 10.4(15.4) Ranged Weapons
 - Level 2.1(7.1) Armour
 - Level 4.0(9.0) Dodging
 - Level 1.0 Spellcasting
 - Level 2.0 Hexes
 - Level 4.0 Invocations


You had 9 spell levels left.
You knew the following spells:

 Your Spells              Type           Power      Damage    Failure   Level
a - Slow                  Hex            16%        N/A       19%         1

Your spell library contained the following spells:

 Spells                   Type           Power      Damage    Failure   Level
 Inner Flame              Hex/Fire       2%         N/A       63%         3
 Portal Projectile        Hex/Tloc       4%         N/A       63%         3
 Cause Fear               Hex            2%         N/A       87%         4

Inventory:

Hand Weapons
 Y - a +3 longbow of draining (weapon)
Armour
 d - a +0 pair of boots (worn)
 n - a +3 leather armour of fire resistance (worn)
Jewellery
 a - a ring of protection from cold (right hand)
 b - a ring of fire
 i - a +5 ring of evasion (left hand)
Scrolls
 g - a scroll of identify
Potions
 c - a potion of curing
 f - a potion of enlightenment
 h - a potion of haste {unknown}
 k - a potion of resistance {unknown}
 m - a potion of cancellation

Dungeon Overview and Level Annotations

Branches:
Dungeon (7/15)             Temple (0/1) D:4

Altars:
Cheibriados
Okawaru
Uskayaw


Message History

The orc closely misses you. The gnoll sergeant misses you.
The gnoll sergeant hits you from afar with a +0 trident.
You shoot an arrow. The arrow hits the gnoll sergeant.
The gnoll sergeant is severely wounded.
The orc hits you but does no damage. The gnoll sergeant misses you. x2
You shoot an arrow. The arrow hits the gnoll sergeant!!
You kill the gnoll sergeant!
Okawaru accepts your kill. The gnoll sergeant barely misses you.
The gnoll hits you from afar with a +0 spear of flaming.
The orc closely misses you.
You shoot an arrow.
The arrow hits the gnoll sergeant but does no damage.
The gnoll sergeant misses you.
The gnoll hits you from afar with a +0 spear of flaming.
The orc completely misses you.
You shoot an arrow. The arrow hits the gnoll sergeant.
You drain the gnoll sergeant.
The gnoll sergeant is moderately wounded.
The gnoll sergeant closely misses you. The orc closely misses you.
The gnoll completely misses you.
You shoot an arrow. The gnoll sergeant blocks the arrow.
The gnoll hits you from afar with a +0 spear of flaming.
The orc completely misses you. The gnoll sergeant closely misses you.
You shoot an arrow.
The arrow hits the gnoll sergeant but does no damage.
You drain the gnoll sergeant.
The gnoll sergeant is moderately wounded.
The gnoll sergeant misses you. The orc closely misses you.
The gnoll misses you.
You shoot an arrow. The arrow hits the gnoll sergeant!
The gnoll sergeant is severely wounded.
A white imp comes into view.
The gnoll sergeant closely misses you. The gnoll barely misses you.
The orc completely misses you.
You shoot an arrow.
The arrow barely misses the gnoll sergeant.
The white imp gestures at you. The puff of frost misses you.
The gnoll sergeant hits you from afar with a +0 trident!
You die...

............#
.../.......##
...........#
.........##
.........## ..
#.........#...
##.).......#...
#.)@...........
##))..........#
##)>ggo.........
.5...............
.##.....)........
# ###............
#............
......#........
.....#.?.##.##.


You could see a gnoll sergeant (very drained), a gnoll, a white imp and an orc.

Vanquished Creatures
  Grinder (D:4)
  Eustachio (D:6)
  Menkaure (D:4)
  Edmund (D:6)
  Duvessa (D:4)
  2 black bears
  A centaur (D:6)
  2 phantoms
  Blork the orc (D:6)
  A gnoll sergeant (D:7)
  3 scorpions
  Dowan (D:4)
  An orc priest (D:4)
  3 hounds
  A gnoll bouda (D:5)
  2 jellies
  A sleepcap (D:6)
  Ijyb (D:3)
  Natasha (thrice) (D:3)
  5 iguanas
  An orc wizard (D:4)
  Robin (D:2)
  20 gnolls
  11 adders
  A white imp (D:7)
  2 ufetubi
  2 worms
  3 dart slugs
  13 orcs
  6 endoplasms
  3 giant cockroaches
  17 goblins
  17 hobgoblins
  3 jackals (D:4)
  A quokka (D:2)
  9 ball pythons
  12 bats
  5 frilled lizards
  4 kobolds
  5 rats
169 creatures vanquished.

Notes
Turn   | Place    | Note
-------+----------+-------------------------------------------
     0 | D:1      | qw the Minotaur Hexslinger began the quest for the Orb.
     0 | D:1      | Reached XP level 1. HP: 16/16 MP: 1/1
     0 | D:1      | 0 ||| qw: Version: 0.3-a-40-ge99b1a8
     0 | D:1      | 0 ||| qw: Game counter: 215
     0 | D:1      | 0 ||| qw: Melee chars always use a shield: true
     0 | D:1      | 0 ||| qw: God list: Okawaru
     0 | D:1      | 0 ||| qw: Allow faded altars: false
     0 | D:1      | 0 ||| qw: Do Orc after clearing Dungeon:15 true
     0 | D:1      | 0 ||| qw: Do second Lair branch before Depths: true
     0 | D:1      | 0 ||| qw: Lair rune preference: random
     0 | D:1      | 0 ||| qw: Goals: Normal
     0 | D:1      | 0 ||| PLANNING D:1-11
   133 | D:1      | Reached skill level 3 in Ranged Weapons
   147 | D:1      | Reached XP level 2. HP: 23/23 MP: 2/2
   496 | D:1      | Reached XP level 3. HP: 28/29 MP: 3/3
   661 | D:1      | Found a faded altar of an unknown god.
   736 | D:1      | 736 ||| UPGRADING to +0 leather armour.
   746 | D:1      | 746 ||| DROPPING +0 robe.
   747 | D:1      | 747 ||| UPGRADING to +5 ring of evasion.
   748 | D:1      | 748 ||| READING 3 scrolls labelled SERRUL ORURU.
   748 | D:1      | Identified 3 scrolls of acquirement
   748 | D:1      | 748 ||| ACQUIRING +2 longbow of flaming
   748 | D:1      | Acquired a +2 longbow of flaming
   749 | D:1      | 749 ||| READING 2 scrolls of acquirement.
   749 | D:1      | 749 ||| ACQUIRING +8 shortbow "Mehamag" {heavy, Str+3
                  | Int+3}
   749 | D:1      | Acquired the +8 shortbow "Mehamag" {heavy, Str+3 Int+3}
   750 | D:1      | 750 ||| READING scroll of acquirement.
   750 | D:1      | 750 ||| ACQUIRING 599 gold pieces
   750 | D:1      | Acquired 599 gold pieces
   752 | D:1      | 752 ||| SWAPPING to +2 longbow of flaming.
   753 | D:1      | 753 ||| DROPPING +8 shortbow "Mehamag" {heavy, Str+3
                  | Int+3}.
   754 | D:1      | 754 ||| DROPPING +1 sling.
   755 | D:1      | 755 ||| READING scroll labelled PAOT MUYDU.
   756 | D:1      | 756 ||| READING scroll labelled FIYFYLUMNAWK.
   757 | D:1      | 757 ||| DRINKING 2 metallic clear potions.
   758 | D:1      | 758 ||| DROPPING scroll of poison.
   798 | D:2      | Reached skill level 4 in Ranged Weapons
   891 | D:2      | Noticed Robin
   901 | D:2      | HP: 6/29 [goblin/+0 club[Robin] (4)]
   902 | D:2      | 902 ||| DRINKING potion of heal wounds.
   906 | D:2      | Killed Robin
   907 | D:2      | Reached XP level 4. HP: 26/36 MP: 4/4
   999 | D:2      | 999 ||| FLEEEEING.
  1000 | D:2      | 1000 ||| FLEEEEING.
  1002 | D:2      | 1002 ||| FLEEEEING.
  1558 | D:2      | 1558 ||| READING scroll labelled PEGHOAFESS.
  1559 | D:2      | 1559 ||| READING 2 scrolls labelled GET DEULOYBUYN.
  1560 | D:2      | 1560 ||| READING scroll labelled GIDDIA GAFO.
  1561 | D:2      | 1561 ||| DROPPING scroll of amnesia.
  1590 | D:3      | Reached skill level 5 in Ranged Weapons
  1648 | D:3      | Noticed a black bear
  1652 | D:3      | Killed a black bear
  1653 | D:3      | Reached XP level 5. HP: 46/46 MP: 5/5
  1787 | D:3      | Noticed Natasha
  1793 | D:3      | Killed Natasha
  1796 | D:3      | Reached XP level 6. HP: 45/52 MP: 6/6
  1899 | D:3      | Found a snail-covered altar of Cheibriados.
  1900 | D:3      | Found an iron altar of Okawaru.
  1901 | D:3      | 1901 ||| PLANNING OKAWARU WORSHIP
  2023 | D:3      | 2023 ||| READING scroll of acquirement.
  2023 | D:3      | 2023 ||| ACQUIRING ring of protection from cold
  2023 | D:3      | Acquired a ring of protection from cold
  2025 | D:3      | 2025 ||| UPGRADING to ring of protection from cold.
  2043 | D:3      | Noticed Natasha
  2045 | D:3      | Killed Natasha
  2046 | D:3      | Reached skill level 6 in Ranged Weapons
  2046 | D:3      | Noticed Ijyb
  2054 | D:3      | Killed Ijyb
  2178 | D:3      | Noticed Natasha
  2180 | D:3      | Killed Natasha
  2392 | D:3      | Became a worshipper of Warmaster Okawaru
  2393 | D:3      | 2393 ||| PLANNING D:1-11
  2463 | D:4      | Found a staircase to the Ecumenical Temple.
  2499 | D:4      | Reached skill level 7 in Ranged Weapons
  2516 | D:4      | Noticed Menkaure
  2518 | D:4      | Killed Menkaure
  2519 | D:4      | Reached XP level 7. HP: 59/59 MP: 7/7
  2578 | D:4      | Reached skill level 8 in Ranged Weapons
  2644 | D:4      | Noticed Grinder
  2650 | D:4      | Killed Grinder
  2650 | D:4      | Reached * piety under Okawaru
  2723 | D:4      | Found a hide-covered altar of Uskayaw.
  2724 | D:4      | Noticed Duvessa
  2724 | D:4      | Noticed Dowan
  2725 | D:4      | 2725 ||| INVOKING Heroism.
  2726 | D:4      | 2726 ||| UPGRADING to +0 pair of boots.
  2735 | D:4      | 2735 ||| FLEEEEING.
  2736 | D:4      | 2736 ||| FLEEEEING.
  2745 | D:4      | 2745 ||| UPGRADING to +0 ring mail.
  2755 | D:4      | 2755 ||| DROPPING +0 leather armour.
  3038 | D:4      | 3038 ||| INVOKING Heroism.
  3039 | D:4      | 3039 ||| INVOKING Heroism.
  3046 | D:4      | Killed Duvessa
  3047 | D:4      | Reached XP level 8. HP: 61/70 MP: 5/8
  3077 | D:4      | 3077 ||| UPGRADING to +3 leather armour of fire resistance.
  3087 | D:4      | 3087 ||| DROPPING +0 ring mail.
  3097 | D:4      | 3097 ||| INVOKING Heroism.
  3102 | D:4      | Killed Dowan
  3195 | D:4      | 3195 ||| READING scroll labelled TUIGGE HYEGYI.
  3196 | D:4      | 3196 ||| DRINKING 4 smoky red potions.
  3300 | D:4      | 3300 ||| DRINKING 2 metallic brown potions.
  3301 | D:4      | 3301 ||| DROPPING 3 potions of berserk rage.
  3346 | D:5      | Entered Level 5 of the Dungeon
  3360 | D:5      | Reached skill level 3 in Dodging
  3454 | D:5      | Reached skill level 9 in Ranged Weapons
  3511 | D:5      | Reached skill level 6 in Fighting
  3590 | D:5      | 3590 ||| INVOKING Heroism.
  3593 | D:5      | Reached skill level 1 in Invocations
  3789 | D:5      | 3789 ||| INVOKING Heroism.
  3981 | D:5      | 3981 ||| READING scroll labelled DUIR GUUFFIU.
  3982 | D:5      | 3982 ||| READING scroll labelled NAIRUO IXUE.
  3983 | D:5      | 3983 ||| READING scroll labelled MONEKAOSCHI.
  3984 | D:5      | 3984 ||| DRINKING 3 fuming sapphire potions.
  3985 | D:5      | 3985 ||| DRINKING 2 black potions.
  3986 | D:5      | 3986 ||| READING 2 scrolls of identify.
  3986 | D:5      | 3986 ||| IDENTIFYING orange potion
  3987 | D:5      | 3987 ||| DROPPING potion of degeneration.
  3988 | D:5      | 3988 ||| DROPPING 2 potions of brilliance.
  4083 | D:6      | Noticed Edmund
  4084 | D:6      | 4084 ||| INVOKING Heroism.
  4088 | D:6      | Killed Edmund
  4089 | D:6      | Reached skill level 3 in Invocations
  4268 | D:6      | Reached skill level 10 in Ranged Weapons
  4428 | D:6      | 4428 ||| INVOKING Heroism.
  4457 | D:6      | Noticed Eustachio
  4458 | D:6      | 4458 ||| INVOKING Heroism.
  4469 | D:6      | Killed Eustachio
  4470 | D:6      | Reached XP level 9. HP: 78/78 MP: 9/11
  4496 | D:6      | Noticed Blork the orc
  4497 | D:6      | 4497 ||| INVOKING Heroism.
  4499 | D:6      | Killed Blork the orc
  4685 | D:6      | 4685 ||| DRINKING 2 fuming green potions.
  4718 | D:6      | 4718 ||| READING 2 scrolls of identify.
  4718 | D:6      | 4718 ||| IDENTIFYING blue potion
  4719 | D:6      | 4719 ||| DROPPING potion of lignification.
  4770 | D:7      | 4770 ||| FLEEEEING.
  4773 | D:7      | 4773 ||| INVOKING Heroism.
  4786 | D:7      | HP: 14/79 [gnoll sergeant/+0 trident (6)]
  4791 | D:7      | HP: 4/79 [gnoll/+0 spear of flaming[a gnoll sergeant] (5)]
  4793 | D:7      | HP: 1/79 [gnoll/+0 spear of flaming[a gnoll sergeant] (3)]
  4796 | D:7      | Slain by a gnoll sergeant

Levels and vault maps discovered:
D:1:      spicycebolla_arrival_xxxplode, layout_loops_ring,
          shapermc_ecumenical_altar_hornbeckon, minmay_ruptured
D:2:      kennysheep_big_flooded_room, layout_basic, kennysheep_generic_room_11,
          uniq_robin
D:3:      layout_rooms, mainiacjoe_overflow_divided_tiny,
          minmay_gold_behind_fungi, nicolae_eternal_life,
          chequers_serial_rivers_large_a, uniq_ijyb, uniq_natasha
D:4:      layout_loops_ring, mainiacjoe_overflow_concentric_impassable,
          minmay_temple_entry_mist, uniq_menkaure, uniq_duvessa, uniq_grinder
D:5:      layout_loops_ring
D:6:      layout_loops_ring, grunt_decor_fettered, chequers_garden,
          dk_noncrumbling_3, uniq_edmund, uniq_eustachio, uniq_blork_the_orc
D:7:      layout_cave_pools, gammafunk_ghost_icy, eino_jars

Skill      XL: |  1  2  3  4  5  6  7  8  9 |
---------------+----------------------------+-----
Ranged Weapons | 3 4 5 7 8 10 | 10.4
Fighting       | 2 4 5 6 7 |  7.0
Armour         | 2 |  2.1
Dodging        | 3 4 |  4.0
Invocations    | 4 |  4.0
Spellcasting   | |  1.0
Hexes          | |  2.0

Action                     |  1- 3 |  4- 6 |  7- 9 || total
---------------------------+-------+-------+-------++-------
   Fire: Sling             |    73 |       |       ||    73
         Longbow           |    34 |    95 |   177 ||   306
 Invoke: Heroism           |       |       |    10 ||    10
    Use: Scroll            |     5 |     4 |     6 ||    15
         Potion            |     2 |       |     5 ||     7
 Armour: Robe              |     4 |       |       ||     4
         Leather armour    |     4 |     6 |     4 ||    14
  Dodge: Dodged            |    50 |    29 |    74 ||   153

Table legend:
 A = Non-vault XP
 B = Vault XP
 C = Vault XP percentage of total XP
 D = Non-vault monster count
 E = Vault monster count
 F = Vault count percentage of total count
                 A         B        C        D         E       F
            +---------+---------+-------+---------+---------+-------
      Total |    2152 |    1222 |  36.2 |     143 |      26 |  15.4
            +---------+---------+-------+---------+---------+-------
        D:1 |      45 |       3 |   6.2 |      26 |       2 |   7.1
        D:2 |      39 |      46 |  54.1 |      16 |      15 |  48.4
        D:3 |     313 |      72 |  18.7 |      24 |       2 |   7.7
        D:4 |     351 |     654 |  65.1 |      27 |       4 |  12.9
        D:5 |     657 |       0 |   0.0 |      17 |       0 |   0.0
        D:6 |     317 |     447 |  58.5 |      15 |       3 |  16.7
        D:7 |     430 |       0 |   0.0 |      18 |       0 |   0.0
            +---------+---------+-------+---------+---------+-------
